 Dungeon Sprint DCSS version 0.32-a0-876-gcfddb08e57 (webtiles) character file.

Game seed: 9256442634942112575

2500000 Griffin23 the Axe Maniac (level 22, -44/212 HPs)
             Began as a Formicid Warper on Apr 1, 2024.
             Annihilated by a meat berserker
             ... wielding a +9 battleaxe
              (75 damage)
             ... in the Dungeon (Sprint VIII: "Arena of Blood").
             The game lasted 00:02:20 (25 turns).

Griffin23 the Axe Maniac (Formicid Warper)            Turns: 25, Time: 00:02:21

Health: -44/212    AC:  6    Str: 25    XL:     22   Next: 12%
Magic:  22/39      EV: 24    Int: 15    God:
Gold:   0          SH:  0    Dex: 13    Spells: 25/25 levels left

rFire   . . .        g - +∞ Axe of Woe
rCold   . . .        (no shield)
rNeg    . . .        b - +0 leather armour
rPois   .            (helmet unavailable)
rElec   .            (no cloak)
rCorr   .            (no gloves)
SInv    +            (no boots)
Will    ++...        (no amulet)
Stlth   +++++++++    (no ring)
HPRegen 0.55/turn    (no ring)
MPRegen 0.26/turn

%: no passive effects
@: no status effects
A: permanent stasis, dig shafts and tunnels, antennae 3, four strong arms
a: Dig


You were in the Dungeon.
You visited 1 branch

Inventory:

Hand Weapons
 a - a +0 hand axe
 g - the +∞ Axe of Woe (weapon)
   (You found it in the Dungeon)
Missiles
 c - 7 darts of dispersal (quivered)
Armour
 b - a +0 leather armour (worn)
Potions
 d - a potion of curing
 e - a potion of heal wounds
 f - 2 potions of magic


   Skills:
 O Level 27 Fighting
 O Level 27 Axes
 + Level 21.9(27) Maces & Flails
 + Level 21.4(26.9) Polearms
 O Level 27 Throwing
 O Level 27 Armour
 O Level 27 Dodging
 O Level 27 Stealth
 - Level 2.1 Spellcasting
 - Level 2.6 Translocations
 O Level 27 Invocations
 O Level 27 Evocations


You had 25 spell levels left.
You didn't know any spells.
Your spell library contained the following spells:

 Spells                   Type           Power      Damage    Failure   Level
 Lesser Beckoning         Tloc           18%        N/A       12%         2
 Teleport Other           Tloc           9%         N/A       22%         3
 Blink                    Tloc           Unusable   N/A       N/A         2
 Maxwell's Portable Pile  Tloc           Unusable   2d(6-12)  N/A         4
 Vhi's Electric Charge    Tloc/Air       Unusable   N/A       N/A         4

Dungeon Overview and Level Annotations

Branches:
Dungeon (1/1)

Altars:
Makhleb


Innate Abilities, Weirdness & Mutations

You cannot be hasted, slowed, berserked, paralysed or teleported.
You can dig through walls and to a lower floor.
You have a pair of large antennae on your head. (SInv)
Your four strong arms can wield two-handed weapons with a shield.


Message History

A bag of meat comes into view. It is wielding a +9 war axe.
The bag of meat is engulfed in blazing flames. x2
The meat berserker rages.
A bag of meat comes into view. It is wielding a +9 war axe.
Your base Maces & Flails skill gained 2 levels and is now at level 21!
Your base Polearms skill gained 2 levels and is now at level 21!
You have reached level 22!
You catch the helpless large bag of meat completely off-guard!
You slash the large bag of meat!
Flame seeps out of the large bag of meat.
You fatally mangle the large bag of meat.
The large bag of meat shouts in stereo!
The bag of meat shouts!
You open the bag of meat like a pillowcase!!!
You fatally mangle the bag of meat.
You kill the bag of meat!
You slash the bag of meat!
You slaughter the bag of meat joyfully.
You kill the bag of meat!
You slice the bag of meat!!
You dissect the bag of meat like a pig carcass.
You kill the bag of meat!
You slice the bag of meat!!
You fatally mangle the bag of meat.
You kill the bag of meat!
The large bag of meat explodes!
The fiery explosion engulfs the bag of meat!!
The fiery explosion engulfs the meat berserker!!
The fiery explosion engulfs you!!
* * * LOW HITPOINT WARNING * * *
The destroyer appears out of thin air!
A destroyer comes into view. It is wielding a +9 heavy great sword.
You are engulfed in blazing flames.
* * * LOW HITPOINT WARNING * * *
The destroyer shouts!
The meat berserker is engulfed in blazing flames.
The meat berserker rages.
A bag of meat comes into view. It is wielding a +9 war axe. x2
The bag of meat is engulfed in blazing flames.
A bag of meat comes into view. It is wielding a +9 war axe.
The bag of meat is engulfed in blazing flames.
The meat berserker is engulfed in blazing flames.
The meat berserker hits you with a +9 battleaxe!!!!
You die...

##O....##.##...
..............oo
...O......#.#..o
........o....o..
#.........O.....
.#....o.☼§o.....
...V..§o§)§.....
.....o§O@o§.....
{..V.#§§§o...#o.
#.., #.Oo....# ,
....###O...oO.###.
.........###......
.#........_......
.......#.....#...
.......#_.<._#..o
.......#.....#


You could see 2 destroyers, 3 large bags of meat, 4 meat berserkers and 15 bags
of meat.

Vanquished Creatures
  10 ogres (D)
  2 two-headed ogres (D)
  35 orcs (D)
47 creatures vanquished.

Notes
Turn   | Place    | Note
-------+----------+-------------------------------------------
     0 | D        | Found the +∞ Axe of Woe
     0 | D        | Griffin23 the Formicid Warper began the quest for the Orb.
     0 | D        | Reached XP level 1. HP: 16/16 MP: 3/3
     3 | D        | Noticed a meat berserker
     4 | D        | Noticed a bag of meat
     4 | D        | Noticed a meat berserker
     7 | D        | Killed a meat berserker
     7 | D        | Noticed a bag of meat
     7 | D        | Noticed a bag of meat
     8 | D        | Reached XP level 2. HP: 41/41 MP: 5/5
     8 | D        | Reached XP level 3. HP: 47/47 MP: 6/6
     8 | D        | Reached XP level 4. HP: 54/54 MP: 7/7
     8 | D        | Reached XP level 5. HP: 60/60 MP: 8/8
     8 | D        | Reached XP level 6. HP: 67/67 MP: 9/9
     8 | D        | Reached XP level 7. HP: 73/73 MP: 10/10
     8 | D        | Reached XP level 8. HP: 80/80 MP: 11/11
     8 | D        | Reached XP level 9. HP: 86/86 MP: 12/12
     8 | D        | Reached XP level 10. HP: 93/93 MP: 13/13
     8 | D        | Reached XP level 11. HP: 99/99 MP: 14/14
     8 | D        | Reached XP level 12. HP: 106/106 MP: 15/15
     8 | D        | Noticed a bag of meat
     8 | D        | Noticed a meat berserker
     8 | D        | Noticed a bag of meat
     8 | D        | Noticed a bag of meat
     8 | D        | Noticed a bag of meat
     8 | D        | Noticed a bag of meat
     8 | D        | Noticed a bag of meat
     9 | D        | Killed a meat berserker
     9 | D        | Noticed a bag of meat
     9 | D        | Noticed a bag of meat
     9 | D        | Noticed a bag of meat
     9 | D        | Noticed a bag of meat
     9 | D        | Noticed a bag of meat
     9 | D        | Noticed a meat berserker
     9 | D        | Noticed a bag of meat
    10 | D        | Reached skill level 15 in Armour
    10 | D        | Reached XP level 13. HP: 117/117 MP: 16/16
    10 | D        | Noticed a bag of meat
    10 | D        | Noticed a bag of meat
    10 | D        | Noticed a large bag of meat
    10 | D        | Noticed a bag of meat
    11 | D        | Noticed a bag of meat
    11 | D        | Noticed a meat berserker
    11 | D        | Noticed a bag of meat
    11 | D        | Noticed a bag of meat
    11 | D        | Noticed a bag of meat
    11 | D        | Noticed a bag of meat
    11 | D        | Noticed a bag of meat
    11 | D        | Noticed a bag of meat
    12 | D        | Noticed a meat berserker
    12 | D        | Noticed a meat berserker
    12 | D        | Noticed a meat berserker
    12 | D        | Noticed a bag of meat
    12 | D        | Noticed a bag of meat
    13 | D        | Killed a bag of meat
    13 | D        | Killed a meat berserker
    13 | D        | Noticed a bag of meat
    13 | D        | Noticed a bag of meat
    13 | D        | Noticed a bag of meat
    14 | D        | Reached skill level 15 in Dodging
    14 | D        | Reached XP level 14. HP: 130/130 MP: 17/17
    14 | D        | Killed a bag of meat
    14 | D        | Killed a bag of meat
    14 | D        | Killed a bag of meat
    14 | D        | Killed a bag of meat
    14 | D        | Killed a bag of meat
    14 | D        | Noticed a bag of meat
    14 | D        | Noticed a bag of meat
    14 | D        | Noticed a bag of meat
    14 | D        | Noticed a bag of meat
    14 | D        | Noticed a bag of meat
    14 | D        | Noticed a bag of meat
    15 | D        | Reached XP level 15. HP: 143/143 MP: 18/18
    15 | D        | Reached XP level 16. HP: 150/150 MP: 19/19
    15 | D        | Killed a meat berserker
    15 | D        | Noticed a meat berserker
    16 | D        | Reached skill level 27 in Axes
    16 | D        | Reached XP level 17. HP: 166/166 MP: 20/20
    16 | D        | Noticed a meat berserker
    17 | D        | Killed a meat berserker
    17 | D        | Killed a meat berserker
    18 | D        | Reached skill level 27 in Fighting
    18 | D        | Reached skill level 27 in Armour
    18 | D        | Reached XP level 18. HP: 182/182 MP: 21/21
    18 | D        | Killed a large bag of meat
    18 | D        | Killed a meat berserker
    18 | D        | Killed a meat berserker
    18 | D        | Noticed a meat berserker
    19 | D        | Reached skill level 27 in Throwing
    19 | D        | Reached skill level 27 in Dodging
    19 | D        | Reached skill level 15 in Invocations
    19 | D        | Reached XP level 19. HP: 136/189 MP: 21/30
    20 | D        | Reached XP level 20. HP: 133/197 MP: 21/33
    20 | D        | Noticed a meat berserker
    22 | D        | Reached skill level 15 in Maces & Flails
    22 | D        | Reached XP level 21. HP: 106/204 MP: 21/36
    22 | D        | Noticed a large bag of meat
    22 | D        | Killed a meat berserker
    22 | D        | Noticed a meat berserker
    22 | D        | Noticed a meat berserker
    22 | D        | Noticed a destroyer
    23 | D        | Reached skill level 27 in Stealth
    23 | D        | Killed a meat berserker
    24 | D        | Reached skill level 27 in Invocations
    24 | D        | Reached skill level 27 in Evocations
    24 | D        | Noticed a large bag of meat
    25 | D        | Reached XP level 22. HP: 64/212 MP: 22/39
    25 | D        | Noticed a large bag of meat
    25 | D        | Noticed a large bag of meat
    25 | D        | Killed a large bag of meat
    25 | D        | Noticed a destroyer
    25 | D        | Annihilated by a meat berserker

Illustrated notes

Levels and vault maps discovered:
D:        meatsprint

Skill      XL: |  1  2  3  4  5  6  7  8  9 10 11 12 13 14 15 16 17 18 19 20 21 |
---------------+----------------------------------------------------------------+-----
Fighting       | 13 16 18 20 24 27 | 27.0
Axes           | 17 20 22 26 27 | 27.0
Throwing       | 12 14 16 19 22 25 27 | 27.0
Armour         | 13 15 17 20 23 27 | 27.0
Dodging        | 11 13 15 17 20 23 27 | 27.0
Maces & Flails | 9 12 15 21 | 21.9
Polearms       | 9 11 14 21 | 21.4
Stealth        | 16 20 25 27 | 27.0
Invocations    | 15 19 23 27 | 27.0
Evocations     | 14 17 22 27 | 27.0
Spellcasting   | |  2.1
Translocations | |  2.6

Action                     |  1- 3 |  4- 6 |  7- 9 | 10-12 | 13-15 | 16-18 | 19-21 | 22-24 || total
---------------------------+-------+-------+-------+-------+-------+-------+-------+-------++-------
  Melee: Executioner's axe |     1 |       |       |     1 |     2 |     3 |     6 |     1 ||    14
   Stab: Distracted        |       |       |       |       |       |       |       |     1 ||     1
 Armour: Leather armour    |       |       |       |       |       |     2 |     6 |     3 ||    11

Table legend: (Time is in decaauts)
 A = Elapsed time spent in this place.
 B = Non-inter-level travel time spent in this place.
 C = Inter-level travel time spent in this place.
 D = Time resting spent in this place.
 E = Time spent auto-exploring this place.
 F = Levels seen in this place.
 G = Mean time per level.
                   A        B        C        D        E       F      G
               +--------+--------+--------+--------+--------+-----+--------+
         Total |     22 |     22 |      0 |      0 |      0 |   1 |   22.0 |
       Dungeon |     22 |     22 |      0 |      0 |      0 |   1 |   22.0 |
               +--------+--------+--------+--------+--------+-----+--------+

Top non-repeatable levels by time:
       D: 22 daAuts
